 Dungeon Crawl Stone Soup version 0.29.0-11-gd7f09526c8 (webtiles) character file.

Game seed: 15951469399813627664

16985 SnakkuSnakku7 the Impaler (level 12, -4/95 HPs)
             Began as a Human Delver on Sept 7, 2022.
             Was an Elder of Sif Muna.
             Slain by a death yak (23 damage)
             ... in an ice cave.
             The game lasted 00:17:56 (10889 turns).

SnakkuSnakku7 the Impaler (Human Delver)           Turns: 10889, Time: 00:17:57

Health: -4/95      AC: 14    Str: 17    XL:     12   Next: 77%
Magic:  21/21      EV: 11    Int: 12    God:    Sif Muna [****..]
Gold:   538        SH:  0    Dex: 14    Spells: 11/11 levels left

rFire   . . .      SeeInvis +   a - +0 bardiche (freeze)
rCold   . . .      Faith    .   (shield currently unavailable)
rNeg    . . .      Spirit   .   i - +4 ring mail
rPois   +          Reflect  .   p - +0 helmet
rElec   .          Harm     .   E - scarf {repulsion}
rCorr   .          Rampage  .   l - +2 pair of gloves
Will    .....                   M - +0 pair of boots
Stlth   ++........              (no amulet)
HPRegen 0.25/turn               O - +4 ring of slaying
MPRegen 0.17/turn               u - ring of the Equinox {rPois MP+9 SInv}

@: repel missiles
A: no striking features
a: Renounce Religion, Channel Magic, Forget Spell, Divine Exegesis


You were in an ice cave.
You worshipped Sif Muna.
Sif Muna was greatly pleased with you.
You visited 2 branches of the dungeon, and saw 11 of its levels.
You also visited: Ice Cave.

You collected 538 gold pieces.

Inventory:

Hand Weapons
 a - a +0 bardiche of freezing (weapon)
 b - a +2 vampiric trident
 D - a +0 halberd
Missiles
 P - 22 poisoned darts (quivered)
Armour
 i - a +4 ring mail (worn)
 l - a +2 pair of gloves (worn)
 o - a +0 leather armour
 p - a +0 helmet (worn)
 E - a scarf of repulsion (worn)
 F - a +0 kite shield
 M - a +0 pair of boots (worn)
Jewellery
 u - the ring of the Equinox (right hand) {rPois MP+9 SInv}
   (You found it on level 3 of the Dungeon)

   [ring of poison resistance]

   rPois:     It protects you from poison.
   MP:        It affects your magic capacity (+9).
   SInv:      It lets you see invisible.
 x - a +6 ring of intelligence
 y - a ring of willpower
 O - a +4 ring of slaying (left hand)
Wands
 g - a wand of digging (2)
 r - a wand of light (3)
 H - a wand of polymorph (12)
 L - a wand of flame (9)
Scrolls
 c - 3 scrolls of fog
 d - 5 scrolls of magic mapping
 e - 5 scrolls of fear
 j - 4 scrolls of enchant armour
 s - 3 scrolls of poison
 A - a scroll of immolation
 B - 2 scrolls of blinking
 N - a scroll of silence
Potions
 f - 2 potions of haste
 h - 4 potions of mutation {unknown}
 k - a potion of degeneration {unknown}
 m - 2 potions of brilliance
 n - 4 potions of curing {unknown}
 q - 4 potions of flight
 t - 2 potions of experience {unknown}
 v - a potion of resistance
 z - a potion of cancellation
 C - 2 potions of ambrosia
 G - 2 potions of attraction
 I - 2 potions of lignification {unknown}
 K - 2 potions of magic


   Skills:
 - Level 9.2 Fighting
 + Level 17.5 Polearms
 - Level 3.0 Throwing
 - Level 2.0 Dodging
 - Level 5.0 Stealth


You had 11 spell levels left.
You didn't know any spells.
Your spell library contained the following spells:

 Spells                   Type           Power      Damage    Failure   Level
 Shock                    Conj/Air       0%         1d3       52%         1
 Inner Flame              Hex/Fire       0%         N/A       88%         3
 Stone Arrow              Conj/Erth      0%         3d7       88%         3
 Swiftness                Air            0%         N/A       88%         3
 Airstrike                Air            0%         2d(0-16)  99%         4
 Animate Armour           Summ/Erth      0%         N/A       99%         4
 Cause Fear               Hex            0%         N/A       99%         4
 Discord                  Hex            0%         N/A       100%        8
 Lehudib's Crystal Spear  Conj/Erth      0%         10d2      100%        8


Dungeon Overview and Level Annotations

Branches:
Dungeon (9/15)             Temple (0/1) D:5            Lair (2/5) D:9
 Spider (0/4) Lair:2        IceCv (1/1)
  Swamp: Lair:2-3    Shoals: Lair:2-3       Orc: D:9-12

Altars:
Dithmenos
Elyvilon
Gozag
Ru
Sif Muna
Xom

Annotations:
D:6 3 runed translucent doors, Shayle's ghost, novice TeBr; gelatine's ghost, novice DsHu
D:7 2 transporters, Pooter's ghost, novice TrTm
D:9 ystael's ghost, novice MiFi
Lair:1 1 runed translucent door, Esekla's ghost, journeyman TeVM


Message History

You are too injured to fight recklessly!
You are too injured to fight recklessly!
You slash the death yak! You freeze the death yak.
The death yak is severely wounded.
The death yak is no longer moving slowly.
The death yak misses you.
You slice the death yak!! You freeze the death yak.
You kill the death yak!
Sif Muna accepts your kill.
Okay, then.
Aiming: Bolt of Light
Press: ? - help, Shift-Dir - straight line, f - death yak
Aim: a death yak (90% to hit)
The bolt of light hits the death yak.
The death yak is lightly wounded.
The death yak is blinded.
The death yak gores you!!
* * * LOW HITPOINT WARNING * * *
Unknown command.
Okay, then.
You catch the helpless death yak completely off-guard!
You slash the death yak! You freeze the death yak.
The death yak is moderately wounded.
The death yak gores you!
* * * LOW HITPOINT WARNING * * *
You feel much better. The death yak barely misses you.
You slice the death yak!! You freeze the death yak!
The death yak is severely wounded.
The death yak gores you!!
* * * LOW HITPOINT WARNING * * *
You hit the death yak. You freeze the death yak.
The death yak is severely wounded.
The death yak gores you.
* * * LOW HITPOINT WARNING * * *
You hit the death yak. You freeze the death yak.
The death yak is almost dead.
The death yak gores you but does no damage.
You barely miss the death yak.
The death yak is almost dead.
The death yak is no longer blind.
The death yak gores you!!
You die...

...###
#....####
#.†..###
###...†###
###.†..###
###.(..#
###..#
####Y.##
####..@.##
###......##
##...#.####
##..#####
###..##
##....###
#.......###
###.......###
###
##........##


You could see a death yak.

Vanquished Creatures
  Gastronok (D:8)
  A hydra (Lair:1)
  2 two-headed ogres (D:8)
  5 death yaks (IceCv)
  Pikel (D:8)
  A black mamba (Lair:1)
  An ice statue (IceCv)
  Joseph (D:8)
  3 rime drakes (IceCv)
  2 cane toads
  3 komodo dragons
  5 polar bears (IceCv)
  A troll (D:9)
  A hornet (D:8)
  3 blink frogs (Lair:1)
  Prince Ribbit (D:6)
  A spriggan (D:8)
  9 yaks
  A wyvern (D:8)
  2 steam dragons
  4 water moccasins
  Duvessa (D:6)
  An orc warrior (D:8)
  An ice beast (D:7)
  3 black bears
  3 ogres
  10 wolves
  2 kobold brigands
  5 bullfrogs
  3 scorpions (D:5)
  A necrophage (D:4)
  Dowan (D:6)
  A jelly (D:6)
  2 hounds
  3 orc priests
  A gnoll bouda (D:6)
  5 iguanas
  12 orc wizards
  7 gnolls
  11 adders
  3 white imps
  An ufetubus (D:6)
  7 dart slugs
  14 orcs
  6 ball pythons
  5 endoplasms
  4 giant cockroaches
  7 goblins
  8 hobgoblins
  4 jackals
  3 quokkas
  2 bats
  A frilled lizard (D:1)
  19 kobolds
  5 rats
211 creatures vanquished.

Vanquished Creatures (others)
  6 plants (D:7)
6 creatures vanquished.

Grand Total: 217 creatures vanquished

Notes
Turn   | Place    | Note
-------+----------+-------------------------------------------
     0 | D:5      | SnakkuSnakku7 the Human Delver began the quest for the Orb.
     0 | D:5      | Reached XP level 1. HP: 18/18 MP: 1/1
   101 | D:3      | Found a shadowy altar of Dithmenos.
   132 | D:3      | Reached XP level 2. HP: 13/25 MP: 2/2
   293 | D:1      | Found a faded altar of an unknown god.
   386 | D:1      | Reached XP level 3. HP: 25/30 MP: 3/3
  1170 | D:2      | Found a shimmering blue altar of Sif Muna.
  1205 | D:2      | Reached XP level 4. HP: 28/38 MP: 4/4
  1392 | D:2      | Became a worshipper of Sif Muna the Loreminder
  2246 | D:3      | Reached XP level 5. HP: 43/43 MP: 5/5
  2283 | D:3      | Reached skill level 3 in Polearms
  2388 | D:3      | Identified the ring of the Equinox {rPois MP+9 SInv}
  2829 | D:4      | Noticed an ogre
  2869 | D:4      | Reached * piety under Sif Muna
  2991 | D:4      | Killed an ogre
  2992 | D:4      | Reached skill level 4 in Polearms
  2992 | D:4      | Reached XP level 6. HP: 25/50 MP: 6/6
  3261 | D:4      | Reached skill level 5 in Polearms
  3510 | D:5      | Found a staircase to the Ecumenical Temple.
  3583 | D:5      | Reached XP level 7. HP: 47/55 MP: 7/7
  3641 | D:5      | Reached skill level 6 in Polearms
  3659 | D:5      | Reached skill level 1 in Throwing
  4199 | D:5      | Reached skill level 7 in Polearms
  4199 | D:5      | Reached XP level 8. HP: 61/61 MP: 8/8
  4509 | D:5      | Found a sacrificial altar of Ru.
  4607 | D:6      | Reached skill level 8 in Polearms
  4622 | D:6      | Noticed Dowan
  4622 | D:6      | Noticed Duvessa
  4856 | D:6      | Reached ** piety under Sif Muna
  4989 | D:6      | Reached skill level 9 in Polearms
  5118 | D:6      | Found a runed translucent gate.
  5118 | D:6      | Found a runed translucent gate.
  5119 | D:6      | Found a runed translucent gate.
  5120 | D:6      | Noticed Shayle's ghost (novice TeBr)
  5120 | D:6      | Noticed gelatine's ghost (novice DsHu)
  5161 | D:6      | Noticed Prince Ribbit
  5225 | D:6      | Killed Duvessa
  5226 | D:6      | Reached XP level 9. HP: 23/67 MP: 9/9
  5398 | D:6      | Killed Prince Ribbit
  5399 | D:6      | Reached skill level 10 in Polearms
  5541 | D:6      | Killed Dowan
  5885 | D:7      | Noticed Pooter's ghost (novice TrTm)
  5945 | D:7      | Found an opulent altar of Gozag.
  5986 | D:7      | Reached skill level 11 in Polearms
  6002 | D:7      | Found a transporter.
  6076 | D:7      | Found a transporter.
  6274 | D:7      | Identified the ring of Usaoll {Will+ Str+2 Int+6 Slay+3
                  | Stlth-}
  6345 | D:8      | Noticed Gastronok
  6483 | D:8      | Found a white marble altar of Elyvilon.
  6666 | D:8      | Noticed a two-headed ogre
  6666 | D:8      | Noticed a two-headed ogre
  6732 | D:8      | Killed a two-headed ogre
  6733 | D:8      | Reached skill level 12 in Polearms
  6733 | D:8      | Reached XP level 10. HP: 58/73 MP: 10/10
  6743 | D:8      | Killed a two-headed ogre
  6744 | D:8      | Reached skill level 13 in Polearms
  6949 | D:8      | Found the +12 pair of quick blades "Gyre" and "Gimble"
                  | {protect}
  7021 | D:8      | Noticed Pikel
  7025 | D:8      | Noticed Joseph
  7054 | D:8      | Killed Pikel
  7111 | D:8      | Killed Joseph
  7112 | D:8      | Reached skill level 14 in Polearms
  7112 | D:8      | Reached skill level 5 in Fighting
  7457 | D:8      | Killed Gastronok
  7458 | D:8      | Reached XP level 11. HP: 24/86 MP: 11/11
  7902 | D:9      | Noticed ystael's ghost (novice MiFi)
  7913 | D:9      | Found a staircase to the Lair.
  8080 | D:9      | Reached *** piety under Sif Muna
  8125 | Lair:1   | Entered Level 1 of the Lair of Beasts
  8184 | Lair:1   | Identified a scroll of acquirement
  8184 | Lair:1   | Acquired a +0 bardiche of freezing
  8646 | Lair:1   | Noticed a five-headed hydra
  8665 | Lair:1   | Killed a five-headed hydra
  9124 | Lair:1   | Found a runed translucent door.
  9125 | Lair:1   | Found a shimmering altar of Xom.
  9125 | Lair:1   | Noticed Esekla's ghost (journeyman TeVM)
  9125 | Lair:1   | Noticed a +0 quarterstaff of chaos
  9137 | Lair:1   | Reached skill level 15 in Polearms
  9487 | Lair:2   | Found a frozen archway.
  9514 | IceCv    | Entered an ice cave
  9522 | IceCv    | Reached XP level 12. HP: 93/95 MP: 12/12
  9758 | IceCv    | Noticed a death yak
  9765 | IceCv    | Killed a death yak
  9766 | IceCv    | Reached skill level 16 in Polearms
 10147 | IceCv    | Noticed a death yak
 10155 | IceCv    | Killed a death yak
 10416 | IceCv    | Noticed a death yak
 10416 | IceCv    | Noticed a death yak
 10437 | IceCv    | Killed a death yak
 10450 | IceCv    | Killed a death yak
 10450 | IceCv    | Reached **** piety under Sif Muna
 10451 | IceCv    | Reached skill level 17 in Polearms
 10860 | IceCv    | Noticed a death yak
 10869 | IceCv    | Noticed a death yak
 10882 | IceCv    | Killed a death yak
 10889 | IceCv    | Slain by a death yak

Illustrated notes

Levels and vault maps discovered:
D:1:      sevenhm_arrival_forest_fort_large_2, layout_basic,
          dreamdust_ecumenical_altar_angels_and_demons
D:2:      layout_loops_corners, basic_altar
D:3:      layout_loops_cross, nicolae_dithmenos_through_a_glass_darkly,
          nrook_campfire
D:4:      layout_gridville, kennysheep_generic_room_16
D:5:      layout_loops_cross, nicolae_ru_the_path_less_chosen,
          minmay_temple_entry_junction, minivault_11, nicolae_hexahallways,
          hangedman_decor_push
D:6:      minmay_flawed_box, layout_loops_ring, gammafunk_ghost_cemetery,
          chequers_decorated_corner, uniq_prince_ribbit1, uniq_duvessa
D:7:      layout_loops_ring, general_overflow_altar,
          gammafunk_ghost_gnarly_gnolls
D:8:      layout_gridville, elyvilon_altar_5,
          hellmonk_guarded_unrand_gyre_and_gimble, uniq_pikel, uniq_gastronok,
          uniq_joseph
D:9:      minmay_the_grid_triangle_9x9_recursive_2
          [minmay_the_grid_triangle_9x9_prize_special,
          minmay_the_grid_triangle_9x9_zippers_vertical,
          minmay_the_grid_triangle_9x9_cache,
          minmay_the_grid_triangle_9x9_thin_v], layout_rooms,
          nicolae_yredelemnul_corpse_copse, dpeg_oklobed_lair, serial_shops,
          shop, gammafunk_ghost_hive
Lair:1:   layout_cave_pods, ebering_ghost_xom, grunt_megastairs_4
Lair:2:   layout_misc_corridors, spider_nest_entry_webs,
          portal_ice_cave_entry_pillars_2, gammafunk_ghost_ooze
IceCv:    ice_cave_small_giant

Skill      XL: |  1  2  3  4  5  6  7  8  9 10 11 12 |
---------------+-------------------------------------+-----
Fighting       | 4 7 9 |  9.2
Polearms       | 4 5 7 9 12 14 15 17 | 17.5
Throwing       | 2 3 |  3.0
Dodging        | |  2.0
Stealth        | |  5.0

Action                   |  1- 3 |  4- 6 |  7- 9 | 10-12 || total
-------------------------+-------+-------+-------+-------++-------
Melee: Spear             |   107 |    32 |       |       ||   139
       Trident           |       |   145 |   383 |   168 ||   696
       Punch             |       |     1 |    10 |     2 ||    13
       Bardiche          |       |       |       |   216 ||   216
Throw: Dart              |       |       |    19 |    11 ||    30
Evoke: Wand              |       |     1 |       |     8 ||     9
  Use: Scroll            |       |     4 |     1 |    13 ||    18
       Potion            |       |       |     1 |     3 ||     4
 Stab: Sleeping          |     4 |    17 |     6 |     2 ||    29
       Confused          |       |       |     1 |       ||     1
       Distracted        |       |       |     1 |     1 ||     2
       Invisible         |       |       |       |     1 ||     1
Armor: Ring mail         |    32 |    66 |   138 |   185 ||   421
Dodge: Dodged            |    57 |    87 |   155 |   184 ||   483
       Repelled          |       |       |     4 |     3 ||     7
